 Dungeon Crawl Stone Soup version 0.24-b1 (webtiles) character file.

Game seed: 6368844430376498139, levelgen mode: deterministic

459 MirrMurr the Covert (level 6, -1/28 HPs)
             Began as a Spriggan Enchanter on Oct 12, 2019.
             Was an Initiate of Dithmenos.
             Slain by an orc wizard
             ... wielding a +0 dagger
              (3 damage)
             ... on level 5 of the Dungeon.
             The game lasted 00:12:20 (5829 turns).

MirrMurr the Covert (Spriggan Enchanter)            Turns: 5829, Time: 00:12:20

Health: -1/28      AC:  3    Str:  7    XL:     6   Next: 78%
Magic:  5/12       EV: 18    Int: 16    God:    Dithmenos [......]
Gold:   213        SH:  0    Dex: 18    Spells: 2/11 levels left

rFire    . . .     SeeInvis +   a - +1 dagger
rCold    . . .     Gourm    .   (shield restricted)
rNeg     . . .     Faith    .   b - +0 robe
rPois    .         Spirit   .   (helmet restricted)
rElec    .         Reflect  .   p - +0 cloak
rCorr    .         Harm     .   (gloves unavailable)
MR       +....                  (boots unavailable)
Stlth    ++++......             (no amulet)
HPRegen  0.09/turn              q - +2 ring of strength
MPRegen  0.13/turn              (no ring)

@: very slightly contaminated, slowed, quick
A: very small, unfitting armour, see invisible, herbivore, speed 3, slow
metabolism 2
a: Renounce Religion


You were on level 5 of the Dungeon.
You worshipped Dithmenos.
Dithmenos was noncommittal.
You were hungry.

You visited 2 branches of the dungeon, and saw 6 of its levels.

You collected 213 gold pieces.

Inventory:

Hand Weapons
 a - a +1 dagger (weapon)
Missiles
 k - 162 stones (quivered)
 m - 34 sling bullets
Armour
 b - a +0 robe (worn)
 p - a +0 cloak (worn)
Jewellery
 d - an uncursed amulet of regeneration
 q - a +2 ring of strength (left hand)
Wands
 i - a wand of acid (10)
Scrolls
 n - a scroll of identify
 r - a scroll of remove curse
Potions
 e - 2 potions of resistance
 f - a potion of agility {unknown}
 g - a potion of haste {unknown}
 h - 3 potions of heal wounds
 j - a potion of might {unknown}
 l - a potion of mutation {unknown}
 o - a potion of curing {unknown}
 s - a potion of degeneration {unknown}
Comestibles
 c - 4 rations


   Skills:
 - Level 5.0 Short Blades
 - Level 3.0 Dodging
 - Level 8.1 Stealth
 + Level 3.4 Spellcasting
 * Level 4.8 Hexes


You had 2 spell levels left.
You knew the following spells:

 Your Spells              Type           Power        Failure   Level  Hunger
a - Ensorcelled Hibernat  Hex/Ice        ##....       10%         2    ##.....
b - Confuse               Hex            ###.....     7%          3    ###....
c - Tukima's Dance        Hex            ###.....     7%          3    ###....
C - Corona                Hex            ###....      2%          1    None

Your spell library contained the following spells:

 Spells                   Type           Power        Failure   Level  Hunger
 Beastly Appendage        Tmut           #.....       19%         1    None
 Summon Small Mammal      Summ           #...         19%         1    None
 Call Imp                 Summ           #.......     26%         2    ##.....
 Sticks to Snakes         Tmut           #.......     26%         2    ##.....
 Dazzling Spray           Conj/Hex       ##....       21%         3    ###....
 Summon Guardian Golem    Hex/Summ       ##......     21%         3    ###....
 Call Canine Familiar     Summ           #.......     47%         3    ###....
 Spider Form              Tmut/Pois      #.........   47%         3    ###....
 Ice Form                 Ice/Tmut       #.......     87%         4    ####...
 Summon Ice Beast         Ice/Summ       #.......     87%         4    ####...
 Summon Lightning Spire   Summ/Air       #.......     87%         4    ####...
 Blade Hands              Tmut           #.........   99%         5    ######.


Dungeon Overview and Level Annotations

Branches:
Dungeon (5/15)             Temple (1/1) D:4

Altars:
Ashenzari
Cheibriados
Dithmenos
Elyvilon
Fedhas
Gozag
Hepliaklqana
Makhleb
Nemelex Xobeh
Okawaru
Qazlal
Ru
Sif Muna
Uskayaw
Vehumet
Wu Jian
Xom
Yredelemnul
The Shining One


Innate Abilities, Weirdness & Mutations

You are very small and have problems with some larger weapons.
You are too small for most types of armour.
You have supernaturally acute eyesight. (SInv)
You are a herbivore.
You cover ground extremely quickly.
You need to consume almost no food.


Message History

The orc wizard is almost dead.
The orc wizard completely misses you. The orc barely misses you.
Unknown command.
You hit the orc wizard.
The orc wizard is almost dead.
The orc wizard points at you and mumbles some strange words.
You feel as though you will be slow longer.
The orc wizard points at you and mumbles some strange words.
The magic dart hits you.
* * * LOW HITPOINT WARNING * * *
The orc hits you with a +2 flail of holy wrath.
* * * LOW HITPOINT WARNING * * *
You hit the orc wizard.
You kill the orc wizard!
Dithmenos accepts your kill. The orc barely misses you.
You hit the orc wizard but do no damage.
The orc wizard is heavily wounded.
The orc wizard hits you with a +0 dagger.
You die...

### ######<#
#...Y#.#
###.##S#.#
#.o.##o#.#
#.####@#)#
..########.#
#o#[#
#........Y.#
#.#.#
...........#
#.#.#
..........S#
#.#.#
........o..#
#...#
.............
#####
.....$........
...#..........+


You could see an ice beast, an orc wizard, an orc and a ball python.

Vanquished Creatures
  An ogre (D:5)
  A scorpion (D:4)
  A jelly (D:4)
  2 orc wizards (D:5)
  2 worker ants
  3 gnolls (D:2)
  6 adders
  An adder skeleton (D:4)
  5 dart slugs
  2 leopard geckos
  12 orcs
  4 giant cockroaches
  6 goblins
  9 hobgoblins
  7 jackals
  2 quokkas
  3 ball pythons
  4 bats
  4 frilled lizards
  7 kobolds
  10 rats
92 creatures vanquished.

Notes
Turn   | Place    | Note
-------+----------+-------------------------------------------
     0 | D:1      | MirrMurr the Spriggan Enchanter began the quest for the
                  | Orb.
     0 | D:1      | Reached XP level 1. HP: 9/9 MP: 5/5
   481 | D:1      | Reached skill level 5 in Stealth
   481 | D:1      | Reached XP level 2. HP: 12/13 MP: 6/6
   485 | D:1      | Learned a level 2 spell: Ensorcelled Hibernation
  1036 | D:1      | Reached XP level 3. HP: 16/16 MP: 8/8
  1041 | D:1      | Learned a level 3 spell: Confuse
  1774 | D:2      | You fall into a shaft and drop 1 floor!
  2228 | D:2      | Reached skill level 6 in Stealth
  2385 | D:2      | Reached XP level 4. HP: 21/21 MP: 2/9
  3565 | D:3      | Found a hazy altar of Hepliaklqana.
  4002 | D:3      | Reached skill level 7 in Stealth
  4002 | D:3      | Reached XP level 5. HP: 24/24 MP: 7/10
  4369 | D:4      | Found an opulent altar of Gozag.
  4369 | D:4      | Found a snail-covered altar of Cheibriados.
  4464 | D:4      | Found a staircase to the Ecumenical Temple.
  4477 | Temple   | Entered the Ecumenical Temple
  4669 | Temple   | Became a worshipper of Dithmenos the Shadowed
  4769 | D:4      | Found a shattered altar of Ashenzari.
  4860 | D:4      | Found a shimmering altar of Xom.
  4860 | D:4      | Found a shimmering altar of Xom.
  4861 | D:4      | Found a shimmering altar of Xom.
  4892 | D:4      | Found a shimmering altar of Xom.
  4892 | D:4      | Found a shimmering altar of Xom.
  4892 | D:4      | Found a shimmering altar of Xom.
  4920 | D:4      | Found a shimmering altar of Xom.
  5003 | D:4      | Noticed a fire elemental
  5070 | D:4      | Noticed a water elemental
  5072 | D:4      | Found a stormy altar of Qazlal.
  5073 | D:4      | Noticed an air elemental
  5110 | D:5      | Entered Level 5 of the Dungeon
  5117 | D:4      | Reached skill level 8 in Stealth
  5117 | D:4      | Reached XP level 6. HP: 28/28 MP: 8/11
  5122 | D:4      | Learned a level 3 spell: Tukima's Dance
  5467 | D:5      | Reached skill level 5 in Short Blades
  5782 | D:5      | Noticed an ice beast
  5829 | D:5      | Slain by an orc wizard

Skill      XL: |  1  2  3  4  5  6 |
---------------+-------------------+-----
Stealth        | 5 6 7 8 |  8.1
Short Blades   | 2 3 4 5 |  5.0
Hexes          | 4 |  4.8
Spellcasting   | 3 |  3.4
Dodging        | |  3.0

Action                   |  1- 3 |  4- 6 || total
-------------------------+-------+-------++-------
Melee: Dagger            |   184 |   192 ||   376
 Cast: Corona            |     1 |       ||     1
       Ensorcelled Hiber |    18 |    46 ||    64
       Confuse           |       |     1 ||     1
  Use: Scroll            |       |     7 ||     7
 Stab: Sleeping          |    17 |    35 ||    52
  Eat: Ration            |       |     4 ||     4
Armor: Robe              |    16 |    10 ||    26
Dodge: Dodged            |   145 |   185 ||   330
